 Dungeon Crawl Stone Soup version 0.31.0-4-g52a2dc7128 (webtiles) character file.

Game seed: 3629167506373357727

13988 Weaver the Fighter (level 11, -3/101 HPs)
             Began as a Yellow Draconian Shapeshifter on Jan 22, 2024.
             Was a Priest of Makhleb.
             Slain by an angel
             ... wielding a +1 whip of holy wrath
              (9 damage)
             ... on level 1 of the Abyss on Jan 23, 2024.
             The game lasted 00:56:13 (10635 turns).

Weaver the Fighter (Yellow Draconian Shapeshifter) Turns: 10635, Time: 00:56:13

Health: -3/101     AC:  9    Str: 18    XL:     11   Next: 82%
Magic:  12/12      EV: 25    Int: 11    God:    Makhleb [***...]
Gold:   746        SH:  0    Dex: 13    Spells: 10/10 levels left

rFire   + .          .
                       - Unarmed
rCold   . . .        (shield currently unavailable)
rNeg    . . .        (body armour unavailable)
rPois   .            (helmet restricted)
rElec   .            (no cloak)
rCorr   +            (no gloves)
SInv    .            E - +1 pair of boots
Will    .....        (no amulet)
Stlth   +            y - ring of protection from fire
HPRegen 0.36/turn    x - +5 ring of evasion
MPRegen 0.13/turn

%: no passive effects
@: flux-form, hasted, glowing, very quick
A: glow, contaminating, spit acid, AC +7, unfitting armour, cold-blooded, acid
resistance
a: Breathe Acid, Begin Untransformation, Renounce Religion, Minor Destruction,
Lesser Servant of Makhleb


You were on level 1 of the Abyss.
You worshipped Makhleb.
Makhleb was most pleased with you.
You were something dangerously unstable.
You visited 2 branches of the dungeon, and saw 14 of its levels.
You visited the Abyss 1 time.

You collected 746 gold pieces.

Inventory:

Armour
 C - an orb of light
 E - a +1 pair of boots (worn)
Jewellery
 h - a ring of wizardry
 u - an amulet of faith
 x - a +5 ring of evasion (right hand)
 y - a ring of protection from fire (left hand)
 A - a ring of fire
 H - a ring of see invisible
Talismans
 b - a beast talisman
 c - a flux talisman (active)
Wands
 a - a wand of iceblast (2)
 l - a wand of mindburst (12)
 q - a wand of flame (55)
 B - a wand of polymorph (9)
Scrolls
 g - a scroll of immolation {unknown}
 m - a scroll of amnesia {unknown}
 n - a scroll of silence {unknown}
 o - a scroll of butterflies {unknown}
 s - 4 scrolls of vulnerability
 v - 4 scrolls of identify
 w - 2 scrolls of enchant armour
 F - a scroll of fear {unknown}
 G - a scroll of torment {unknown}
 I - 2 scrolls of revelation
Potions
 d - a potion of heal wounds
 e - 3 potions of attraction
 i - 2 potions of invisibility
 j - a potion of haste
 k - a potion of cancellation {unknown}
 p - 5 potions of brilliance
 r - 4 potions of curing
 t - 3 potions of ambrosia
 z - a potion of degeneration {unknown}
 D - a potion of mutation {unknown}


   Skills:
 + Level 10.6 Fighting
 + Level 9.1 Dodging
 + Level 10.2 Unarmed Combat
 + Level 1.7 Invocations
 + Level 9.4 Shapeshifting


You had 10 spell levels left.
You didn't know any spells.
Your spell library contained the following spells:

 Spells                   Type           Power      Damage    Failure   Level
 Apportation              Tloc           0%         N/A       34%         1
 Necrotise                Necr           0%         1d4       34%         1
 Shock                    Conj/Air       0%         1d3       34%         1
 Sting                    Conj/Alch      0%         1d3       34%         1
 Summon Small Mammal      Summ           0%         N/A       34%         1
 Ensorcelled Hibernation  Hex/Ice        0%         N/A       47%         2
 Dazzling Flash           Conj/Hex       0%         N/A       71%         3
 Fugue of the Fallen      Necr           0%         N/A       71%         3
 Passwall                 Erth           0%         N/A       71%         3
 Swiftness                Air            0%         N/A       71%         3
 Volatile Blastmotes      Fire/Tloc      0%         2d10      71%         3
 Airstrike                Air            0%         2d(0-16)  98%         4
 Anguish                  Hex/Necr       0%         N/A       98%         4
 Starburst                Conj/Fire      0%         6d3       100%        6
 Maxwell's Capacitive Co  Air            0%         ∞         100%        8


Dungeon Overview and Level Annotations

Branches:
Dungeon (13/15)            Temple (1/1) D:6            Lair (0/5) D:11
    Orc (0/2) D:11
 Vaults: D:13-14

Altars:
Ashenzari
Cheibriados
Dithmenos
Elyvilon
Fedhas
Gozag
Hepliaklqana
Kikubaaqudgha
Makhleb
Nemelex Xobeh
Okawaru
Qazlal
Ru
Sif Muna
Trog
Uskayaw
Vehumet
Wu Jian
Xom
Yredelemnul
Zin
The Shining One

Shops:
D:4 **   D:5 [   D:11 *

Annotations:
D:6 Menkaure
D:9 2 transporters
D:12 Psyche
D:13 Erolcha


Innate Abilities, Weirdness & Mutations

You are something dangerously unstable.
You glow with magical radiation, making you easy to see and hit.
Foes you strike become dangerously contaminated with magical radiation.
You are incapable of wielding weapons or throwing items.
You can spit globs of acid.
Your golden yellow scales are hard. (AC +7)
You cannot fit into any form of body armour.
You are cold-blooded and may be slowed by cold attacks.
You are resistant to acid. (rCorr)


Message History

You hit the iron imp.
The iron imp begins to glow.
The iron imp is lightly wounded.
The iron imp hits you but does no damage.
You hit the iron imp but do no damage.
The iron imp glows dangerously bright.
The iron imp is lightly wounded.
You punch the iron imp!
The iron imp shudders as magic cascades through it!!
You kill the iron imp!
Makhleb accepts your kill.
Found a corrupted altar of Lugonu.
The angel shouts!
Blink to where?
Press: ? - help, Dir - move target
As you read the scroll of blinking, it crumbles to dust.
As you read the scroll labelled LOSI EROCI, it crumbles to dust.
It is a scroll of enchant armour.
Your +0 pair of boots glows green for a moment.
A worldbinder comes into view.
The angel attacks as it pursues you! The angel misses you.
The angel hits you with a +1 whip of holy wrath.
The angel hits you with a +1 whip of holy wrath!
The angel misses you. The angel attacks as it pursues you!
The angel hits you with a +1 whip of holy wrath!
The angel hits you with a +1 whip of holy wrath.
The angel hits you with a +1 whip of holy wrath!
The angel completely misses you.
You closely miss the angel.
Your tail-slap misses the angel.
The angel hits you with a +1 whip of holy wrath!!
The angel hits you but does no damage.
You barely miss the angel.
The angel hits you with a +1 whip of holy wrath!
The angel hits you with a +1 whip of holy wrath.
* * * LOW HITPOINT WARNING * * *
You feel yourself speed up.
The angel hits you with a +1 whip of holy wrath!!
* * * LOW HITPOINT WARNING * * *
The angel hits you but does no damage.
The angel hits you with a +1 whip of holy wrath!
You die...

# .#. ##. ...§ # .#..
#. #.. .A.## .#.. ..
#.#.....# ..##.### ..
#.#.#
###...##.####...###
....# ..#...###.
###..###.#..# .§
#..A.##...#.# #..§
#.#p#....#.#.# ....
#...#.##......# ..
................_....
#...................
.. ....##..##..##..##
.## . ....
#..##..##..# ..# .
... .... ....... . ..
.. ...............
... ##. ##..##x #


You could see an angel.

Vanquished Creatures
  A great orb of eyes (Abyss:1)
  2 two-headed ogres
  A deep elf pyromancer (D:13)
  2 cyclopes (D:13)
  An ugly thing (D:12)
  2 manticores
  A gargoyle (D:12)
  A kobold demonologist (D:11)
  A komodo dragon (D:12)
  An efreet (D:13)
  A troll (D:10)
  A queen bee (D:11)
  2 hornets (D:10)
  Grinder (D:5)
  A slime creature (D:12)
  A vampire (D:9)
  A shadow (D:13)
  3 yaks
  A wraith (D:12)
  A wyvern (D:8)
  Eustachio (D:5)
  A steam dragon (D:9)
  7 vampire mosquitoes
  3 acid dragons
  A sky beast (D:8)
  5 orc warriors
  2 black bears
  3 ogres (D:5)
  2 centaurs
  2 phantoms
  Blork the orc (D:5)
  6 bullfrogs
  A gnoll sergeant (D:9)
  2 scorpions
  12 wights
  32 killer bees
  A howler monkey (D:9)
  4 bombardier beetles
  2 hounds
  An iron imp (Abyss:1)
  10 orc priests
  Jessica (D:2)
  A gnoll bouda (D:5)
  2 sleepcaps
  Ijyb (D:5)
  3 iguanas
  9 orc wizards
  Terence (D:2)
  7 adders
  9 gnolls
  A white imp (D:8)
  A ribbon worm (D:2)
  35 orcs
  6 endoplasms
  A giant cockroach (D:4)
  7 goblins
  3 hobgoblins
  2 jackals (D:4)
  4 quokkas
  2 bats
  A frilled lizard (D:1)
  3 kobolds (D:1)
  3 rats (D:2)
228 creatures vanquished.

Notes
Turn   | Place    | Note
-------+----------+-------------------------------------------
     0 | D:1      | Weaver the Draconian Shapeshifter began the quest for the
                  | Orb.
     0 | D:1      | Reached XP level 1. HP: 16/16 MP: 1/1
   141 | D:1      | Reached XP level 2. HP: 9/23 MP: 2/2
   253 | D:1      | You fall into a shaft and drop 1 floor!
   372 | D:2      | Noticed Terence
   391 | D:2      | Killed Terence
   392 | D:2      | Reached XP level 3. HP: 21/29 MP: 3/3
   581 | D:2      | Noticed Jessica
   584 | D:2      | Killed Jessica
   585 | D:2      | Reached XP level 4. HP: 37/37 MP: 4/4
  1452 | D:3      | Reached XP level 5. HP: 12/42 MP: 5/5
  1911 | D:4      | Found Akhlel's Specific Store.
  1915 | D:4      | Found Saez's General Store.
  2408 | D:4      | Reached XP level 6. HP: 27/51 MP: 6/6
  2848 | D:5      | Entered Level 5 of the Dungeon
  3079 | D:5      | Noticed Ijyb
  3134 | D:5      | Killed Ijyb
  3259 | D:5      | Noticed Eustachio
  3355 | D:4      | Your scales start taking on a golden yellow colour.
  3355 | D:4      | Reached XP level 7. HP: 33/59 MP: 7/7
  3355 | D:4      | Gained mutation: You are resistant to acid. (rCorr) [Yellow
                  | Draconian growth]
  3462 | D:5      | Found Biohut's Antique Armour Shop.
  3534 | D:5      | Noticed Blork the orc
  3542 | D:5      | Killed Blork the orc
  3543 | D:5      | Reached skill level 5 in Unarmed Combat
  3662 | D:5      | Killed Eustachio
  3663 | D:5      | Reached skill level 5 in Shapeshifting
  3680 | D:5      | Noticed Grinder
  3791 | D:6      | Found a staircase to the Ecumenical Temple.
  3802 | Temple   | Entered the Ecumenical Temple
  4003 | Temple   | Became a worshipper of Makhleb the Destroyer
  4042 | D:6      | Noticed Menkaure
  4251 | D:5      | Reached skill level 5 in Fighting
  4251 | D:5      | Reached XP level 8. HP: 65/68 MP: 8/8
  4312 | D:5      | Killed Grinder
  4669 | D:6      | Reached skill level 5 in Dodging
  4733 | D:7      | Reached * piety under Makhleb
  5107 | D:7      | Found a hide-covered altar of Uskayaw.
  5238 | D:7      | Reached XP level 9. HP: 71/78 MP: 9/9
  5400 | D:6      | HP: 1/72 [orc priest/divine providence (16)]
  6198 | D:8      | Noticed an efreet
  6206 | D:8      | Noticed a death knight
  6207 | D:8      | Noticed a centaur warrior
  6208 | D:8      | Noticed a centaur warrior
  6209 | D:8      | Noticed a four-headed hydra
  6218 | D:8      | Noticed a troll
  6218 | D:8      | Noticed a manticore
  6227 | D:8      | Noticed a troll
  6365 | D:9      | Found a transporter.
  6389 | D:9      | Found a transporter.
  6498 | D:9      | Found an ornate altar of the Wu Jian Council.
  6498 | D:9      | Found a shimmering altar of Xom.
  6499 | D:9      | Noticed a two-headed ogre
  6951 | D:8      | Reached ** piety under Makhleb
  7056 | D:9      | Reached XP level 10. HP: 80/88 MP: 10/10
  7066 | D:9      | Found a shimmering blue altar of Sif Muna.
  7222 | D:9      | Killed a two-headed ogre
  7434 | D:10     | Entered Level 10 of the Dungeon
  7560 | D:10     | Found an opulent altar of Gozag.
  7568 | D:10     | Found a stormy altar of Qazlal.
  8060 | D:11     | Noticed a white ugly thing
  8122 | D:11     | Reached *** piety under Makhleb
  8512 | D:11     | Found a staircase to the Lair.
  8718 | D:11     | Reached XP level 11. HP: 90/97 MP: 11/11
  9014 | D:11     | Found a staircase to the Orcish Mines.
  9165 | D:12     | Found a radiant altar of Vehumet.
  9718 | D:12     | Noticed a white ugly thing
  9761 | D:12     | Killed a brown ugly thing
  9762 | D:12     | Reached skill level 10 in Fighting
  9818 | D:12     | Noticed Psyche
  9852 | D:11     | Found Kouput's Assorted Antiques.
  9901 | D:13     | Noticed a two-headed ogre
  9901 | D:13     | Noticed Erolcha
  9914 | D:12     | Killed a two-headed ogre
 10158 | D:13     | Noticed a boulder beetle
 10307 | D:13     | Noticed a deep elf pyromancer
 10321 | D:13     | Killed a deep elf pyromancer
 10322 | D:13     | Reached skill level 10 in Unarmed Combat
 10408 | D:13     | Reached skill level 1 in Invocations
 10552 | Abyss:1  | Cast into level 1 of the Abyss (Erolcha)
 10558 | Abyss:1  | Noticed a great orb of eyes
 10573 | Abyss:1  | Killed a great orb of eyes
 10612 | Abyss:1  | Found a corrupted altar of Lugonu.
 10617 | Abyss:1  | Noticed an angel
 10621 | Abyss:1  | Found a corrupted altar of Lugonu.
 10635 | Abyss:1  | Slain by an angel

Illustrated notes

Levels and vault maps discovered:
D:1:      ncdulo_wetmaze, layout_rooms,
          shapermc_ecumenical_altar_mp_urbaneastern,
          nicolae_figureground_sparkle
D:2:      layout_loops_ring, uniq_terence, uniq_jessica
D:3:      layout_loops_ring, chequers_jeans
D:4:      layout_cave_pools, serial_co_window_serial, co_window_paths_a,
          co_window_of_opportunity_a, co_window_paths_a, co_window_corner_a,
          co_window_paths_a, co_window_corner_a, co_window_paths_b,
          co_window_broadway_b, co_window_broadway_b, co_window_broadway_a,
          co_window_cross_2, co_window_broadway_b, co_window_of_opportunity_c,
          co_window_paths_d, co_window_sun, glass_columns_a, glass_columns_b,
          glass_columns_a, glass_columns_c, glass_columns_a,
          nicolae_specific_store, amcnicky_mini_pool_small
D:5:      layout_basic, serial_shops, shop, uniq_blork_the_orc, uniq_ijyb,
          uniq_eustachio, uniq_grinder
D:6:      layout_basic, minmay_temple_entry_statues, uniq_menkaure
D:7:      layout_cave_pods, nicolae_uskayaw_murder_on_the_dancefloor
D:8:      layout_rooms, st_stairs_5, minivault_12
D:9:      gammafunk_beogh_shrine, layout_irregular_city, jmf_multi_god_temple,
          hellmonk_sif_muna_bookshelves
D:10:     layout_roguey, amethyst_overflow_temple_binary
D:11:     layout_roguey [special_room_bee], lair_entry_dummy, hiddenorc1_lemuel,
          gauntlet_entry_generic, serial_shops, shop_statue
D:12:     layout_rooms, drop_trap, nicolae_vehumet_radiance, uniq_psyche
D:13:     regret_index_nemelex_summoning_deck_glade, layout_basic,
          chequers_serial_rivers_small_a, uniq_erolcha
Temple:   nicolae_temple_slightly_damp_pantheon
Abyss:1:  base:
D:12

Skill      XL: |  1  2  3  4  5  6  7  8  9 10 11 |
---------------+----------------------------------+-----
Dodging        | 2 3 4 5 6 8 9 |  9.1
Fighting       | 2 3 4 5 6 7 9 10 | 10.6
Unarmed Combat | 4 5 6 7 9 10 | 10.2
Shapeshifting  | 4 5 6 7 8 9 |  9.4
Invocations    | 1 |  1.7

Action                     |  1- 3 |  4- 6 |  7- 9 | 10-12 || total
---------------------------+-------+-------+-------+-------++-------
  Melee: Unarmed           |    60 |   161 |   297 |   412 ||   930
         Tailslap          |     9 |    21 |    50 |    83 ||   163
         Punch             |     1 |     2 |     1 |       ||     4
 Invoke: Minor Destruction |       |       |       |     5 ||     5
Ability: Breathe Acid      |       |       |    13 |    19 ||    32
  Evoke: Wand              |       |       |     4 |     3 ||     7
    Use: Scroll            |     1 |       |     6 |     9 ||    16
         Potion            |       |     1 |     2 |     3 ||     6
   Stab: Sleeping          |     1 |     3 |       |       ||     4
 Armour: Skin              |    24 |    97 |   122 |   142 ||   385
  Dodge: Dodged            |    27 |    98 |   306 |   465 ||   896
   Form: Flux              |       |       |     1 |       ||     1
